AoeStats
← primo78n

African Clearing

505135987Analyzed
2v2 RM · 25d ago on Sep 8, 2026· 32m 20s· 4 players
Game mode
Random Map
Map size
Medium (4 player)
Population
200
Speed
Normal
Resources
Standard
Victory
Conquest
Starting age
Dark Age
Ending age
Imperial Age
RankedLock teamsTeams togetherTeam positionsShared explorationLock speedFull tech treeHidden civsTurbo modeCheats
Victory
Defeat
🇭🇰 Portuguese · Hong Kong SAR China
1066
+15
🇨🇦 Vikings · Canada
1017
+17
🇦🇷 Chinese · Argentina
1037
-16
🇦🇷 Franks · Argentina
1033
-16
primo78n
10:51 Loom
13:53 Feudal Age
15:06 Double-Bit Axe
28:36 Castle Age
27:12 Forging
27:07 Scale Barding Armor
27:53 Wheelbarrow
29:57 Chain Barding Armor
30:28 Iron Casting
TIYA
3:22 Loom
14:01 Feudal Age
16:01 Double-Bit Axe
18:48 Fletching
19:58 Horse Collar
24:22 Padded Archer Armor
25:14 Arson
28:42 Castle Age
28:40 Bloodlines
31:37 Bow Saw
BluePrinceTheBillions
5:52 Loom
15:33 Feudal Age
15:35 Man-at-Arms
17:03 Arson
18:24 Town Watch
20:31 Scale Mail Armor
23:00 Horse Collar
24:51 Fletching
26:01 Forging
31:27 Castle Age
31:35 Long Swordsman
32:35 Chain Mail Armor
YKK
9:42 Loom
13:03 Feudal Age
13:24 Man-at-Arms
14:52 Double-Bit Axe
15:52 Horse Collar
21:13 Castle Age
20:08 Bloodlines
20:46 Scale Barding Armor
21:12 Forging
23:17 Wheelbarrow
25:33 Husbandry
27:45 Chain Barding Armor
28:13 Stone Mining
28:13 Gold Mining
29:29 Fletching
30:17 Iron Casting
31:33 Bodkin Arrow
Connection lost

Rejoining the realm…

Still unreachable

The connection could not be restored.

Session expired

The server has moved on; the page needs a fresh start.